 Dungeon Crawl Stone Soup version 0.27-a0-577-ge2a43ba0c9 (webtiles) character file.

Game seed: 16517530591252562388

628 kae the Ruffian (level 7, 0/57 HPs)
             Began as a Naga Transmuter on Mar 9, 2021.
             Was an Initiate of Cheibriados.
             Slain by a water moccasin (8 damage)
             ... on level 7 of the Dungeon.
             The game lasted 00:03:35 (4483 turns).

kae the Ruffian (Naga Transmuter)                   Turns: 4483, Time: 00:03:35

Health: 0/57       AC:  2    Str: 15    XL:     7   Next: 48%
Magic:  9/10       EV: 19    Int: 14    God:    Cheibriados [......]
Gold:   169        SH:  0    Dex: 18    Spells: 6/10 levels left

rFire    . . .     SeeInvis +     - Unarmed
rCold    . . .     Faith    .   (shield currently unavailable)
rNeg     . . .     Spirit   .   (armour currently unavailable)
rPois    x         Reflect  .   (helmet currently unavailable)
rElec    .         Harm     .   (cloak currently unavailable)
rCorr    +         Rampage  .   (gloves currently unavailable)
Will     .....                  (no barding)
Stlth    ++........             (no amulet)
HPRegen  0.19/turn              l - ring of wizardry
MPRegen  0.12/turn              b - ring of resist corrosion

@: mighty, lethally poisoned (0 -> -13), about to teleport, spider-form
(expiring), very slow
A: tiny, see invisible, spit poison 1, AC +2
a: Spit Poison, End Transformation, Renounce Religion, Bend Time


You were on level 7 of the Dungeon.
You worshipped Cheibriados.
Cheibriados was noncommittal.
You were a venomous arachnid creature.
You visited 2 branches of the dungeon, and saw 6 of its levels.

You collected 169 gold pieces.

Inventory:

Armour
 a - a +1 robe (melded)
 c - a +2 pair of gloves (melded)
 g - a +0 barding (melded)
Jewellery
 b - a ring of resist corrosion (right front leg)
 l - a ring of wizardry (left front leg)
 o - a ring of flight
Wands
 i - a wand of iceblast (1)
Scrolls
 k - 2 scrolls of teleportation
Potions
 d - 2 potions of might
 e - a potion of magic
 f - a potion of ambrosia {unknown}
 h - a potion of flight {unknown}
 j - a potion of heal wounds {unknown}
 m - a potion of curing {unknown}
 n - 2 potions of lignification {unknown}


   Skills:
 - Level 1.0 Fighting
 - Level 1.5 Dodging
 + Level 6.0 Unarmed Combat
 - Level 2.0 Spellcasting
 + Level 5.5 Transmutations
 - Level 3.0 Poison Magic


You had 6 spell levels left.
You knew the following spells:

 Your Spells              Type           Power      Damage    Failure   Level
a - Beastly Appendage     Tmut           34%        N/A       3%          1
b - Spider Form           Tmut/Pois      6%         N/A       12%         3

Your spell library contained the following spells:

 Spells                   Type           Power      Damage    Failure   Level
 Wereblood                Tmut           17%        N/A       4%          2
 Corona                   Hex            1%         N/A       21%         1
 Ensorcelled Hibernation  Hex/Ice        2%         N/A       26%         2
 Blade Hands              Tmut           8%         N/A       41%         5
 Confusing Touch          Hex            1%         N/A       43%         3
 Dazzling Flash           Conj/Hex       2%         N/A       43%         3
 Tukima's Dance           Hex            1%         N/A       43%         3
 Ice Form                 Ice/Tmut       9%         N/A       45%         4


Dungeon Overview and Level Annotations

Branches:
Dungeon (4/15)             Temple (1/1) D:4

Altars:
Ashenzari
Cheibriados
Dithmenos
Elyvilon
Fedhas
Gozag
Hepliaklqana
Makhleb
Nemelex Xobeh
Okawaru
Qazlal
Ru
Sif Muna
Trog
Uskayaw
Vehumet
Wu Jian
Xom
Yredelemnul
Zin
The Shining One


Innate Abilities, Weirdness & Mutations

((Your serpentine skin is tough. (AC +2)))
You have supernaturally acute eyesight. (SInv)
((Armour fits poorly on your strangely shaped body.))
((Your system is resistant to poisons. (rPois)))
((You cover ground very slowly.))
You can spit poison.
((You have a snake-like lower body.))


Message History

The water moccasin bites you. The orc hits you with a +0 hand axe.
The orc misses you.
You are too injured to fight recklessly!
You are too injured to fight recklessly!
You are too injured to fight recklessly!
You are too injured to fight recklessly!
You barely miss the water moccasin.
The water moccasin is moderately wounded.
The water moccasin completely misses you.
The orc completely misses you.
You barely miss the water moccasin.
The water moccasin is moderately wounded.
The water moccasin closely misses you. The orc misses you.
The orc hits you with a +0 hand axe! The water moccasin barely misses you.
You barely miss the water moccasin.
The water moccasin is moderately wounded.
The orc barely misses you. The water moccasin misses you.
The water moccasin closely misses you. The orc priest misses you.
The orc barely misses you. The water moccasin bites you.
You are lethally poisoned!
The water moccasin poisons you! The orc misses you. The orc priest hits you.
There is an open door, spattered with blood here.
Things that are here:
a +0 flail; a leopard gecko corpse
* * * LOW HITPOINT WARNING * * *
You feel very sick. The orc misses you. The water moccasin barely misses you.
You feel very mighty all of a sudden.
Your transformation is almost over.
* * * LOW HITPOINT WARNING * * *
You feel sick. The water moccasin barely misses you. The orc misses you.
As you read the scroll of teleportation, it crumbles to dust.
You feel strangely unstable.
* * * LOW HITPOINT WARNING * * *
You feel sick. The water moccasin bites you.
* * * LOW HITPOINT WARNING * * *
The orc completely misses you. The water moccasin closely misses you.
You barely miss the orc.
* * * LOW HITPOINT WARNING * * *
You feel sick. The water moccasin bites you!
You die...

### ###.... ..# .......
#.# #### ....... #.# #...
.......######.# #...
.......#......########...
.......+.................
.......#s................
...>..oSo...............#
......o#.....##########..
###+##.#.....# ##.
..####### #. ### #. ## #
#


You could see a water moccasin, an orc priest and 2 orcs.

Vanquished Creatures
  A centaur (D:3)
  A phantom (D:4)
  A bullfrog (D:7)
  2 scorpions (D:4)
  A bullfrog skeleton (D:4)
  Jessica (D:3)
  Ijyb (D:4)
  2 orc wizards (D:4)
  A worker ant (D:4)
  9 adders
  An ooze (D:3)
  2 worms
  A dart slug (D:1)
  6 leopard geckos
  4 orcs
  3 giant cockroaches
  5 goblins
  5 hobgoblins
  10 kobolds
  A ball python (D:1)
  8 bats
  6 frilled lizards
  5 rats
77 creatures vanquished.

Vanquished Creatures (others)
  13 fungi (D:4)
13 creatures vanquished.

Grand Total: 90 creatures vanquished

Notes
Turn   | Place    | Note
-------+----------+-------------------------------------------
     0 | D:1      | kae the Naga Transmuter began the quest for the Orb.
     0 | D:1      | Reached XP level 1. HP: 18/18 MP: 3/3
   239 | D:1      | Reached XP level 2. HP: 21/25 MP: 3/5
   924 | D:1      | Reached XP level 3. HP: 19/31 MP: 6/6
   928 | D:1      | Learned a level 3 spell: Spider Form
  1497 | D:2      | Reached skill level 1 in Poison Magic
  1744 | D:2      | Reached XP level 4. HP: 26/38 MP: 5/7
  2576 | D:3      | Noticed Jessica
  2581 | D:3      | Killed Jessica
  2582 | D:3      | Reached skill level 4 in Unarmed Combat
  2793 | D:3      | Reached XP level 5. HP: 44/44 MP: 8/8
  2875 | D:3      | Noticed a centaur
  2889 | D:3      | Killed a centaur
  3184 | D:3      | Reached XP level 6. HP: 38/51 MP: 9/9
  3581 | D:4      | Noticed Ijyb
  3589 | D:4      | Killed Ijyb
  3759 | D:4      | Reached skill level 5 in Unarmed Combat
  3871 | D:4      | Found a staircase to the Ecumenical Temple.
  3893 | Temple   | Entered the Ecumenical Temple
  3965 | Temple   | Became a worshipper of Cheibriados the Contemplative
  4064 | D:4      | Reached skill level 5 in Transmutations
  4064 | D:4      | Reached XP level 7. HP: 57/57 MP: 6/10
  4393 | D:4      | You fall into a shaft and drop 3 floors!
  4406 | D:7      | Reached skill level 6 in Unarmed Combat
  4483 | D:7      | Slain by a water moccasin

Illustrated notes

Levels and vault maps discovered:
D:1:      sevenhm_arrival_forest_fort_small_3, layout_basic, st_stairs_13,
          hangedman_decor_growths
D:2:      layout_loops_ring
D:3:      layout_loops_cross, uniq_jessica
D:4:      old_forge, layout_loops_cross, minmay_temple_entry_ruins, uniq_ijyb
D:7:      layout_basic, serial_shops, nicolae_shop_crystal, uniq_maggie
Temple:   nicolae_temple_the_god_donut

Skill      XL: |  1  2  3  4  5  6  7 |
---------------+----------------------+-----
Transmutations | 3 4 5 |  5.5
Poison Magic   | 1 2 3 |  3.0
Unarmed Combat | 4 5 6 |  6.0
Fighting       | |  1.0
Dodging        | |  1.5
Spellcasting   | |  2.0

Action                   |  1- 3 |  4- 6 |  7- 9 || total
-------------------------+-------+-------+-------++-------
Melee: Unarmed           |    97 |   119 |    30 ||   246
       Headbutt          |     8 |     1 |       ||     9
       Punch             |       |     1 |       ||     1
 Cast: Beastly Appendage |    15 |     5 |       ||    20
       Spider Form       |     1 |     8 |     4 ||    13
 Abil: Spit Poison       |    14 |    24 |       ||    38
  Use: Scroll            |       |     6 |     2 ||     8
       Potion            |       |       |     1 ||     1
Armor: Robe              |    31 |    36 |     1 ||    68
       Skin              |     3 |     3 |     4 ||    10
Dodge: Dodged            |    57 |    90 |    40 ||   187

Table legend: (Time is in decaauts)
 A = Elapsed time spent in this place.
 B = Non-inter-level travel time spent in this place.
 C = Inter-level travel time spent in this place.
 D = Time resting spent in this place.
 E = Time spent auto-exploring this place.
 F = Levels seen in this place.
 G = Mean time per level.
                   A        B        C        D        E       F      G
               +--------+--------+--------+--------+--------+-----+--------+
         Total |   5482 |   5317 |    165 |     82 |   4523 |   6 |  913.7 |
       Dungeon |   5364 |   5219 |    145 |     78 |   4475 |   5 | 1072.8 |
        Temple |    118 |     99 |     19 |      4 |     47 |   1 |  118.0 |
               +--------+--------+--------+--------+--------+-----+--------+

Top non-repeatable levels by time:
     D:1: 1568 daAuts
     D:2: 1378 daAuts
     D:3: 1347 daAuts
     D:4: 947 daAuts
     D:7: 122 daAuts
  Temple: 118 daAuts
